 Dungeon Crawl Stone Soup version 0.28.0-43-g3370ac3207 (webtiles) character file.

Game seed: 12299089889816862359

648 terff the Covered (level 7, -2/61 HPs)
             Began as a Minotaur Fighter on Apr 1, 2022.
             Slain by an ogre
             ... wielding a +0 giant club
              (11 damage)
             ... on level 5 of the Dungeon.
             The game lasted 00:06:27 (3456 turns).

terff the Covered (Minotaur Fighter)                Turns: 3456, Time: 00:06:28

Health: -2/61      AC: 15    Str: 24    XL:     7   Next: 27%
Magic:  6/6        EV:  8    Int:  8    God:
Gold:   119        SH:  6    Dex: 17    Spells: 6/6 levels left

rFire   . . .      SeeInvis .   j - +7 flail of the Candelabrum {protect, rC+ Str+3 Int+3}
rCold   + . .      Faith    .   c - +0 buckler
rNeg    . . .      Spirit   .   m - +0 chain mail
rPois   .          Reflect  .   (helmet restricted)
rElec   .          Harm     .   f - +0 cloak
rCorr   .          Rampage  .   (no gloves)
Will    .....                   (no boots)
Stlth   ..........              (no amulet)
HPRegen 0.20/turn               a - +6 ring of dexterity
MPRegen 0.10/turn               n - +4 ring of protection

@: no status effects
A: horns 2, retaliatory headbutt
a: no special abilities


You were on level 5 of the Dungeon.
You visited 1 branch of the dungeon, and saw 5 of its levels.
You visited the Abyss 1 time.

You collected 119 gold pieces.

Inventory:

Hand Weapons
 h - a +1 bardiche of holy wrath
 j - the +7 flail of the Candelabrum (weapon) {protect, rC+ Str+3 Int+3}
   (You found it on level 2 of the Dungeon)

   It grants its wielder temporary protection when it strikes (+7 to AC).
   Str:       It affects your strength (+3).
   Int:       It affects your intelligence (+3).
   rC:        It protects you from cold.
Armour
 c - a +0 buckler (worn)
 f - a +0 cloak (worn)
 m - a +0 chain mail (worn)
Jewellery
 a - a +6 ring of dexterity (left hand)
 i - a +6 ring of intelligence
 n - a +4 ring of protection (right hand)
 o - a ring of willpower
Scrolls
 b - a scroll of magic mapping
 q - a scroll of teleportation
 u - a scroll of blinking
Potions
 d - 2 potions of might
 e - a potion of attraction
 g - 2 potions of invisibility
 k - 2 potions of curing {unknown}
 l - a potion of flight {unknown}
 p - a potion of heal wounds {unknown}
 r - a potion of mutation {unknown}
 t - 3 potions of lignification
 v - a potion of resistance {unknown}


   Skills:
 + Level 5.4 Fighting
 + Level 3.1(4.7) Axes
 + Level 5.3(5.7) Maces & Flails
 + Level 1.0(2.2) Polearms
 + Level 5.4 Armour
 + Level 1.9 Dodging
 + Level 0.3 Stealth
 + Level 5.1 Shields


You had 6 spell levels left.
You didn't know any spells.
Your spell library contained the following spells:

 Spells                   Type           Power      Damage    Failure   Level
 Call Canine Familiar     Summ           0%         N/A       100%        3
 Portal Projectile        Hex/Tloc       0%         N/A       100%        3
 Leda's Liquefaction      Hex/Erth       0%         N/A       100%        4


Dungeon Overview and Level Annotations

Branches:
Dungeon (5/15)
 Temple: D:4-7

Altars:
Ashenzari
Kikubaaqudgha

Shops:
D:4 ((!


Innate Abilities, Weirdness & Mutations

You have a pair of horns on your head.
You reflexively headbutt those who attack you in melee.


Message History

The hell hound bites you but does no damage.
You hit the hell hound.
Your weapon exudes an aura of protection.
You headbutt the hell hound, but do no damage.
The hell hound is heavily wounded.
The hell hound bites you! The hell hound bites you.
You sock the hell hound!
The hell hound is almost dead.
The hell hound bites you but does no damage.
You sock the hell hound!
You kill the hell hound!
That felt strangely unrewarding.
The hell hound closely misses you.
You sock the hell hound! Your headbutt misses the hell hound.
The hell hound is heavily wounded.
You block the hell hound's attack. The hell hound barely misses you.
You furiously retaliate!
You headbutt the hell hound, but do no damage.
You closely miss the hell hound.
The hell hound is heavily wounded.
The hell hound bites you.
* * * LOW HITPOINT WARNING * * *
You hit the hell hound. Your headbutt misses the hell hound.
The hell hound is heavily wounded.
The hell hound bites you but does no damage.
The hell hound closely misses you.
You sock the hell hound!
The hell hound is almost dead.
The hell hound bites you but does no damage.
The hell hound bites you!
* * * LOW HITPOINT WARNING * * *
You hit the hell hound but do no damage.
You headbutt the hell hound.
You kill the hell hound!
That felt strangely unrewarding.
You start resting.
The substance of the Abyss twists violently, and a gateway leading out appears!
There is a gateway leading out of the Abyss here.
You pass through the gate.
Welcome back to the Dungeon!
The ogre hits you with a +0 giant club!
You die...

+.........)....#
#..............+
##....O.........#
......####......#
..#####
#......#######
..#
#...o........#
..#
+.......o....#
..#
#.....O......#
..#
#......@.....#
..#
#............#
..#
+.......######
..# #.......#
#.......#
#.......#
#........
#........


You could see an ogre, an orc priest and an orc wizard.

Vanquished Creatures
  3 hell hounds (Abyss:1)
  A black bear (D:5)
  A necrophage (D:4)
  Blork the orc (D:5)
  A scorpion (D:4)
  2 hounds (D:4)
  An orc priest (D:4)
  Jessica (D:2)
  Natasha (twice) (D:4)
  An orc wizard (D:5)
  A hound skeleton (D:4)
  9 adders
  A gnoll (D:3)
  An adder skeleton (D:4)
  A dart slug (D:2)
  2 worms (D:3)
  3 orcs (D:4)
  3 ball pythons
  3 bats (D:2)
  An endoplasm (D:4)
  2 giant cockroaches
  A hobgoblin (D:2)
  3 jackals
  4 frilled lizards
  4 goblins
  2 kobolds
  5 rats
60 creatures vanquished.

Notes
Turn   | Place    | Note
-------+----------+-------------------------------------------
     0 | D:1      | terff the Minotaur Fighter began the quest for the Orb.
     0 | D:1      | Reached XP level 1. HP: 19/19 MP: 0/0
    61 | D:1      | You fall into a shaft and drop 1 floor!
    69 | D:2      | Reached XP level 2. HP: 15/27 MP: 1/1
   582 | D:2      | Reached XP level 3. HP: 33/33 MP: 2/2
   584 | D:2      | Identified the +7 flail of the Candelabrum {protect, rC+
                  | Str+3 Int+3}
   690 | D:2      | Found a faded altar of an unknown god.
   951 | D:2      | Noticed Jessica
   956 | D:2      | Killed Jessica
   957 | D:2      | Reached XP level 4. HP: 41/41 MP: 3/3
  1161 | D:3      | Reached skill level 1 in Dodging
  1562 | D:3      | Reached skill level 1 in Maces & Flails
  1915 | D:3      | Found a broken altar of Ashenzari.
  2049 | D:4      | Found Ruh Vagg's Distillery.
  2089 | D:4      | Reached XP level 5. HP: 45/47 MP: 4/4
  2110 | D:4      | Found Yberok's Weapon Boutique.
  2188 | D:4      | Noticed a necrophage
  2199 | D:4      | Killed a necrophage
  2200 | D:4      | Reached skill level 1 in Polearms
  2331 | D:4      | Reached skill level 5 in Fighting
  2331 | D:4      | Reached XP level 6. HP: 54/56 MP: 5/5
  2678 | D:4      | Found Maantopt's Weapon Emporium.
  2753 | D:4      | Noticed Natasha
  2756 | D:4      | Found an ancient bone altar of Kikubaaqudgha.
  2758 | D:4      | Killed Natasha
  2759 | D:4      | Reached skill level 5 in Shields
  3181 | D:5      | Entered Level 5 of the Dungeon
  3190 | D:5      | Reached skill level 5 in Armour
  3203 | D:5      | Noticed Blork the orc
  3212 | D:5      | Killed Blork the orc
  3213 | D:5      | Reached skill level 5 in Maces & Flails
  3213 | D:5      | Reached XP level 7. HP: 61/61 MP: 6/6
  3286 | D:4      | Noticed Natasha
  3291 | D:4      | Killed Natasha
  3407 | D:5      | Cast into level 1 of the Abyss (orc wizard)
  3456 | D:5      | Escaped the Abyss
  3456 | D:5      | Slain by an ogre

Illustrated notes

Levels and vault maps discovered:
D:1:      minmay_arrival_five_plusses, layout_basic,
          minmay_misc_feat_more_columns, minmay_tromino_i4
D:2:      layout_basic, ebering_ecumenical_altar_box, minmay_misc_feat_plants,
          grunt_decor_cap, minmay_split_cup_small, uniq_jessica
D:3:      layout_basic, cheibrodos_ashenzari_chains, minmay_pentomino_pile
D:4:      layout_basic, lemuel_round_altar, serial_shops,
          nicolae_shop_hallway_stairs, shop, nicolae_stop_n_shop_2, uniq_natasha
D:5:      cheibrodos_helix_gallery, layout_gridville, uniq_pikel,
          uniq_blork_the_orc

Skill      XL: |  1  2  3  4  5  6 |
---------------+-------------------+-----
Shields        | 4 5 |  5.1
Fighting       | 4 5 |  5.4
Armour         | 4 5 |  5.4
Dodging        | 1 |  1.9
Axes           | 3 |  3.1
Maces & Flails | 2 3 5 |  5.3
Polearms       | 1 |  1.0
Stealth        | |  0.3

Action                   |  1- 3 |  4- 6 |  7- 9 || total
-------------------------+-------+-------+-------++-------
Melee: War axe           |     9 |       |       ||     9
       Headbutt          |     3 |    10 |     7 ||    20
       Bardiche          |    10 |       |       ||    10
       Flail             |    11 |    75 |    28 ||   114
  Use: Scroll            |     5 |     3 |     1 ||     9
Armor: Scale mail        |    23 |     3 |       ||    26
       Chain mail        |       |    45 |    27 ||    72
Dodge: Dodged            |    29 |    20 |    18 ||    67
Block: Buckler           |     4 |    18 |    10 ||    32
